 Dungeon Crawl Stone Soup version 0.24.0-10-g970556be89 (webtiles) character file.

Game seed: 16374274447588938286, levelgen mode: deterministic

235 Delamore the Chopper (level 6, -4/52 HPs)
             Began as a Hill Orc Monk on Nov 4, 2019.
             Slain by a centaur (7 damage)
             ... on level 4 of the Dungeon.
             The game lasted 00:05:36 (4139 turns).

Delamore the Chopper (Hill Orc Monk)                Turns: 4139, Time: 00:05:37

Health: -4/52      AC:  6    Str: 16    XL:     6   Next: 5%
Magic:  6/6        EV: 11    Int: 10    God:
Gold:   204        SH:  0    Dex: 13    Spells: 5/5 levels left

rFire    . . .     SeeInvis .   a - +0 hand axe
rCold    . . .     Gourm    .   (no shield)
rNeg     . . .     Faith    .   i - +0 ring mail
rPois    .         Spirit   .   (no helmet)
rElec    .         Reflect  .   (no cloak)
rCorr    .         Harm     .   o - +0 pair of gloves
MR       .....                  (no boots)
Stlth    +.........             t - amulet of the acrobat
HPRegen  0.17/turn              (no ring)
MPRegen  0.10/turn              (no ring)

@: slowed, very slow
A: no striking features
a: no special abilities


You were on level 4 of the Dungeon.
You were not hungry.

You visited 1 branch of the dungeon, and saw 4 of its levels.

You collected 204 gold pieces.

Inventory:

Hand Weapons
 a - a +0 hand axe (weapon)
Missiles
 e - 8 poisoned darts (quivered)
Armour
 b - a +0 robe
 i - a +0 ring mail (worn)
 o - a +0 pair of gloves (worn)
Jewellery
 t - an amulet of the acrobat (around neck)
Wands
 w - a wand of acid (9)
 x - a wand of flame (11)
Scrolls
 g - 7 scrolls of identify {unknown}
 h - a scroll of teleportation {unknown}
 k - 2 scrolls of enchant weapon {unknown}
 l - a scroll of random uselessness {unknown}
 m - a scroll of remove curse {unknown}
 q - a scroll of immolation {unknown}
 r - a scroll of blinking {unknown}
Potions
 d - 3 potions of ambrosia {unknown}
 f - a potion of flight {unknown}
 j - a potion of degeneration {unknown}
 n - a potion of mutation {unknown}
 p - a potion of resistance {unknown}
 s - a potion of lignification {unknown}
 u - a potion of agility {unknown}
 v - a potion of magic {unknown}
 A - a potion of curing {unknown}
Comestibles
 c - 3 rations


   Skills:
 - Level 3.9 Fighting
 + Level 7.9 Axes
 + Level 0.1 Throwing
 + Level 2.0 Armour
 - Level 2.5 Dodging
 - Level 1.5 Stealth


You had 5 spell levels left.
You didn't know any spells.
Your spell library was empty.

Dungeon Overview and Level Annotations

Branches:
Dungeon (4/15)
 Temple: D:4-7

Altars:
Cheibriados
Vehumet


Message History

You are too injured to fight recklessly!
You are too injured to fight recklessly!
You hit the orc.
You kill the orc!
The centaur shoots an arrow.
The arrow completely misses you.
All of the chunks of flesh in your inventory have rotted away.
The centaur shoots an arrow.
The arrow closely misses you.
The centaur shoots an arrow.
The arrow closely misses you.
You see here an arrow.
You are too injured to fight recklessly!
You are too injured to fight recklessly!
The centaur unwields a +0 shortbow.
The centaur completely misses you. The centaur hits you.
* * * LOW HITPOINT WARNING * * *
You barely miss the centaur. The centaur closely misses you.
The centaur barely misses you.
You barely miss the centaur. The centaur misses you. The centaur hits you.
* * * LOW HITPOINT WARNING * * *
You hit the centaur but do no damage. The centaur hits you!
You die...

#.# #....# #.######....#
#.#....)).<.#
#.###.##...####### #.#
#.#........##. #.#
#.#........##. # #.#
#............. #.
#(#####........###
.####.####@(...............
.......()c....(............
######/#######.###########.
... #.# ###. #.... #...
....(# #.## #._.#. #...
.c.... #### ..# ..


You could see a centaur.

Vanquished Creatures
  A scorpion (D:3)
  2 orc wizards (D:4)
  An adder (D:2)
  A gnoll (D:1)
  2 oozes (D:1)
  A worm (D:2)
  4 dart slugs
  4 leopard geckos
  13 orcs
  8 bats
  3 giant cockroaches
  9 goblins
  8 hobgoblins
  4 frilled lizards
  5 kobolds
  A quokka skeleton (D:4)
  4 rats
71 creatures vanquished.

Notes
Turn   | Place    | Note
-------+----------+-------------------------------------------
     0 | D:1      | Delamore the Hill Orc Monk began the quest for the Orb.
     0 | D:1      | Reached XP level 1. HP: 19/19 MP: 1/1
    55 | D:1      | Reached XP level 2. HP: 25/27 MP: 2/2
   377 | D:1      | Reached skill level 5 in Axes
   383 | D:1      | Reached XP level 3. HP: 33/33 MP: 3/3
  1721 | D:2      | Reached skill level 6 in Axes
  1721 | D:2      | Reached XP level 4. HP: 19/40 MP: 4/4
  2830 | D:3      | Reached skill level 7 in Axes
  2830 | D:3      | Reached skill level 1 in Armour
  2830 | D:3      | Reached XP level 5. HP: 22/46 MP: 5/5
  3615 | D:3      | Found a snail-covered altar of Cheibriados.
  4100 | D:4      | Found a radiant altar of Vehumet.
  4127 | D:4      | Noticed a centaur
  4128 | D:4      | Reached XP level 6. HP: 22/52 MP: 6/6
  4139 | D:4      | Slain by a centaur

Levels and vault maps discovered:
D:1:      psy_arrival_radial01, layout_basic
D:2:      layout_loops_corners, roderic_lattice_a, hangedman_glass_teeth
D:3:      layout_basic, kennysheep_slug_shrine, first_ration, minivault_26
D:4:      layout_basic, vehumet_altar_wand_db

Skill      XL: |  1  2  3  4  5 |
---------------+----------------+-----
Axes           | 5 6 7 |  7.9
Armour         | 1 2 |  2.0
Fighting       | |  3.9
Throwing       | |  0.1
Dodging        | |  2.5
Stealth        | |  1.5

Action                   |  1- 3 |  4- 6 || total
-------------------------+-------+-------++-------
Melee: Hand axe          |   118 |   188 ||   306
Throw: Dart              |       |     6 ||     6
 Stab: Sleeping          |     2 |     1 ||     3
       Distracted        |       |     1 ||     1
  Eat: Chunk             |     2 |     5 ||     7
       Ration            |       |     1 ||     1
Armor: Robe              |    18 |       ||    18
       Ring mail         |       |    67 ||    67
Dodge: Dodged            |    74 |   111 ||   185
